 Dungeon Crawl Stone Soup version 0.22.1-6-g1668fe2c40 (webtiles) character file.

83 Kohma the Ruffian (level 4, 0/40 HPs)
             Began as a Ghoul Monk on Jan 22, 2019.
             Slain by a leopard gecko (1 damage)
             ... on level 2 of the Dungeon.
             The game lasted 00:05:17 (1361 turns).

Kohma the Ruffian (Ghoul Monk)                      Turns: 1361, Time: 00:05:18

Health: 0/40       AC:  6    Str: 15    XL:     4   Next: 44%
Magic:  3/3        EV: 10    Int:  5    God:
Gold:   76         SH:  0    Dex: 11    Spells: 3/3 levels left

rFire    . . .     SeeInvis .     - Unarmed
rCold    + . .     Gourm    .   (no shield)
rNeg     + + +     Faith    .   i - +0 scale mail
rPois    ∞         Spirit   .   (no helmet)
rElec    .         Reflect  .   (no cloak)
rCorr    .         Harm     .   (no gloves)
MR       .....                  (no boots)
Stlth    ..........             (no amulet)
HPRegen  0.00/turn              (no ring)
MPRegen  0.08/turn              (no ring)

@: rotting, drained
A: rotting body, claws 1, carnivore, cold resistance 1, negative energy
resistance 3, inhibited regeneration, torment resistance, unbreathing
a: no special abilities


You were on level 2 of the Dungeon.
You were not hungry.

You visited 1 branch of the dungeon, and saw 2 of its levels.

You collected 76 gold pieces.

Inventory:

Missiles
 g - 71 stones
 l - 4 javelins (quivered)
Armour
 a - a +0 robe
 i - a +0 scale mail (worn)
Jewellery
 j - a cursed ring of teleportation {unknown}
 k - an uncursed ring of flight {unknown}
Scrolls
 c - 3 scrolls of fog {unknown}
 d - a scroll of remove curse {unknown}
 e - a scroll of teleportation {unknown}
Potions
 h - a potion of flight {unknown}
Comestibles
 b - 4 rations
 f - 7 chunks of flesh


   Skills:
 + Level 3.9(3.2) Fighting
 + Level 0.8(0.1) Armour
 - Level 3.0(2.3) Dodging
 - Level 2.1(1.5) Stealth
 * Level 4.7(3.9) Unarmed Combat


You had 3 spell levels left.
You didn't know any spells.
Your spell library was empty.

Dungeon Overview and Level Annotations

Branches:
Dungeon (2/15)

Altars:


Innate Abilities, Weirdness & Mutations

Your body is rotting away.
You thrive on raw meat.
You are immune to poison.
You have sharp fingernails.
You are carnivorous and can eat meat at any time.
Your flesh is cold resistant. (rC+)
You are immune to negative energy. (rN+++)
You do not regenerate when monsters are visible.
You are immune to unholy pain and torment.
You can survive without breathing.


Message History

The gnoll hits you but does no damage.
You claw the gnoll!
You kill the gnoll!
You barely miss the leopard gecko.
The leopard gecko bites you but does no damage.
You scratch the leopard gecko.
The leopard gecko is almost dead.
The leopard gecko bites you.
* * * LOW HITPOINT WARNING * * *
The gnoll hits you from afar with a spear.
* * * LOW HITPOINT WARNING * * *
The leopard gecko bites you.
* * * LOW HITPOINT WARNING * * *
There is an escape hatch in the floor, spattered with blood here.
Things that are here:
a spear; a scroll labeled LAHORPHETWOVI; a gnoll corpse You see here a rat corpse.
You see here 12 gold pieces.
The leopard gecko bites you.
You die...

##.# .#
##.# .#
#.#.#
##.##.#
.#.#
#.....##
$#.#
....##....
..#
###.##.###
..# #.##.#
#.# #.##.#
#.#
#.##.##
#@#
#.....#
#l#
#.##..#
#$#
###.##..#
#g#
....##..#
#>#
######..#
#)#
######..#
#)#
........#
#.#
######.##
#.#


You could see a gnoll and a leopard gecko.

Vanquished Creatures
  3 gnolls (D:2)
  An ooze (D:1)
  3 dart slugs (D:1)
  2 leopard geckos
  5 goblins
  2 hobgoblins
  7 jackals
  2 quokkas (D:2)
  6 bats
  A frilled lizard (D:2)
  4 kobolds (D:1)
  4 rats
40 creatures vanquished.

Notes
Turn   | Place    | Note
-------+----------+-------------------------------------------
     0 | D:1      | Kohma the Ghoul Monk began the quest for the Orb.
     0 | D:1      | Reached XP level 1. HP: 19/19 MP: 0/0
     0 | D:1      | Noticed a centaur
     3 | D:1      | Noticed a dwarf
    12 | D:1      | Noticed a draconian
    15 | D:1      | Noticed a ghoul
    17 | D:1      | Noticed a formicid
    17 | D:1      | Noticed a minotaur skeleton
   123 | D:1      | Reached XP level 2. HP: 21/26 MP: 1/1
   372 | D:1      | Reached skill level 4 in Unarmed Combat
   388 | D:1      | Reached XP level 3. HP: 24/31 MP: 2/2
  1336 | D:2      | Reached XP level 4. HP: 23/40 MP: 3/3
  1356 | D:2      | HP: 1/40 [leopard gecko (4)]
  1361 | D:2      | Slain by a leopard gecko

Skill      XL: |  1  2  3 |
---------------+----------+-----
Unarmed Combat | 4 |  4.7
Dodging        | 3 |  3.0
Fighting       | |  3.9
Armour         | |  0.8
Stealth        | |  2.1

Action                   |  1- 3 |  4- 6 || total
-------------------------+-------+-------++-------
Melee: Unarmed           |   143 |    18 ||   161
       Punch             |     1 |       ||     1
  Eat: Chunk             |     7 |       ||     7
Armor: Robe              |    22 |       ||    22
       Scale mail        |    35 |     5 ||    40
Dodge: Dodged            |    89 |    12 ||   101
